 Dungeon Crawl Stone Soup version 0.31-a0-986-g5e6e4ef867 (webtiles) character file.

Game seed: 7256617780538682944

5266 DApurpleWHUMPUS the Nimble (level 10, -5/37 HPs)
             Began as a Felid Conjurer on Nov 25, 2023.
             Was a Believer of Vehumet.
             Shot with an arrow by a centaur warrior (14 damage)
             ... on level 10 of the Dungeon.
             The game lasted 01:20:42 (16294 turns).

DApurpleWHUMPUS the Nimble (Felid Conjurer)        Turns: 16294, Time: 01:20:43

Health: -5/37      AC:  2    Str:  3    XL:     10   Next: 36%
Magic:  14/23      EV: 22    Int: 24    God:    Vehumet [**....]
Gold:   15         SH:  0    Dex: 15    Spells: 7/25 levels left
                                        Lives:  0   Deaths: 4

rFire   + . .        (weapon unavailable)
rCold   x . .        (shield unavailable)
rNeg    + . .        (body armour unavailable)
rPois   .            (helmet unavailable)
rElec   .            (cloak unavailable)
rCorr   .            (gloves unavailable)
SInv    +            (boots unavailable)
Will    +....        g - amulet of regeneration
Stlth   +++          h - ring of fire
HPRegen 1.06/turn    t - ring of positive energy
MPRegen 0.18/turn

%: no passive effects
@: quick
A: very small, claws 1, fangs 3, see invisible, speed 1, shaggy fur 2, stealthy
paws, no weapons or thrown items, no armour, multi-lived, horns 1, inability to
read after injury 1, MP-powered wands
a: Renounce Religion


You were on level 10 of the Dungeon.
You worshipped Vehumet.
Vehumet was pleased with you.
You visited 2 branches of the dungeon, and saw 11 of its levels.

You collected 390 gold pieces.
You spent 375 gold pieces at shops.

Inventory:

Jewellery
 e - a ring of ice
 f - an amulet of faith
 g - an amulet of regeneration (around neck)
 h - a ring of fire (left paw)
 j - a ring of protection from fire
 k - a ring of protection from cold
 p - an amulet of guardian spirit
 t - a ring of positive energy (right paw)
Wands
 d - a wand of polymorph (13)
 o - a wand of roots (13)
Scrolls
 a - 4 scrolls of identify
 i - 3 scrolls of fear {unknown}
 m - a scroll of enchant weapon
 n - a scroll of enchant armour {unknown}
 r - a scroll of summoning
Potions
 b - 2 potions of brilliance
 c - a potion of heal wounds
 l - a potion of haste
 q - 2 potions of degeneration


   Skills:
 * Level 8.7 Dodging
 - Level 4.1 Stealth
 * Level 8.1 Spellcasting
 + Level 7.2 Conjurations
 - Level 4.5 Hexes
 + Level 7.8 Summonings


You had 7 spell levels left.
You knew the following spells:

 Your Spells              Type           Power      Damage    Failure   Level
a - Magic Dart            Conj           100%       1d8       1%          1
b - Searing Ray           Conj           88%        2d7       1%          2
c - Summon Small Mammal   Summ           100%       N/A       1%          1
d - Foxfire               Conj/Fire      100%       2x1d9     1%          1
e - Iskenderun's Mystic   Conj/Tloc      27%        2d7       14%         4
f - Jinxbite              Hex            62%        N/A       1%          2
g - Summon Guardian Gole  Hex/Summ       39%        N/A       1%          3
h - Sticky Flame          Conj/Fire      40%        2d6       14%         4

Your spell library contained the following spells:

 Spells                   Type           Power      Damage    Failure   Level
 Freeze                   Ice            36%        1d5       6%          1
 Dazzling Flash           Conj/Hex       76%        N/A       1%          3
 Fulminant Prism          Conj/Hex       19%        3d10      5%          4
 Apportation              Tloc           18%        N/A       6%          1
 Ignite Poison            Fire/Tmut/Pois 14%        N/A       19%         3
 Alistair's Intoxication  Tmut/Pois      6%         N/A       87%         5
 Spellforged Servitor     Conj/Summ      23%        N/A       94%         7
 Orb of Destruction       Conj           22%        9d8       95%         7
 Ignition                 Fire           7%         3d4       100%        8


Dungeon Overview and Level Annotations

Branches:
Dungeon (10/15)            Temple (0/1) D:7             Orc (1/2) D:9
   Lair: D:8-11

Altars:
Ashenzari
Dithmenos
Elyvilon
Gozag
Makhleb
Okawaru
Qazlal
Sif Muna
Trog
Uskayaw
Vehumet
Wu Jian
Zin

Shops:
D:4 [(   D:7 !   D:10 (?*[

Annotations:
D:6 Jeremiah
Orc:1 Gastronok


Innate Abilities, Weirdness & Mutations

You have sharp claws.
You have razor-sharp teeth.
You have supernaturally acute eyesight. (SInv)
You cover ground quickly. (Speed+)
You are covered in thick fur. (AC +2)
Your paws help you pounce on unaware monsters.
You are incapable of wielding weapons or throwing items.
You cannot wear armour.
You gain extra lives every three experience levels.
You have a pair of small horns on your head.
You occasionally lose the ability to read scrolls when taking damage.
You expend magic power (3 MP) to strengthen your wands.


Message History

The yak gores your guardian golem.
The yak gores your guardian golem but does no damage.
The yak barely misses your guardian golem.
Your magical contamination has completely faded away.
The yak gores your guardian golem! The yak gores your guardian golem.
The yak gores your guardian golem but does no damage.
The yak gores your guardian golem. The yak gores your guardian golem.
The yak gores your guardian golem.
The yak barely misses your guardian golem.
You hear the steady creaking of a very distant portcullis.
The yak gores your guardian golem but does no damage.
The yak gores your guardian golem. The yak gores your guardian golem.
The yak barely misses your guardian golem.
The yak gores your guardian golem!
Your guardian golem overheats!
The yak gores your guardian golem! Flame seeps out of your guardian golem.
Your guardian golem is engulfed in blazing flames.
Flame seeps out of your guardian golem. The yak gores your guardian golem!
Your guardian golem disappears in a puff of smoke!
Your guardian golem explodes!
The fiery explosion engulfs the yak!!
You hear a shout! x2
Casting: Summon Guardian Golem (safe; 1% risk of failure)
Confirm with . or Enter, or press ? or * to list all spells.
A guardian golem appears, shielding your allies.
Something unseen breaks down the door.
The yak gores your guardian golem but does no damage.
The centaur warrior wields a +0 shortbow.
The centaur warrior shoots an arrow.
The arrow hits you!!
Ouch! That really hurt!
Your guardian golem is engulfed in blazing flames.
The yak gores your guardian golem.
Your guardian golem is engulfed in blazing flames.
The centaur warrior shoots an arrow.
The arrow hits you!
* * * LOW HITPOINT WARNING * * *
The centaur warrior shoots an arrow.
The arrow hits you!
You die...

.....#....Y##...............#
. +##'##'##YY.c.............#
.
#.....#..#9...............##
.
#+###'#..#.......##'#......#
# ..#..#.......#..#......#
_..+..+.......#..#......#
....#..#.......#..#......##
+###+#..#.......#..###.....#
#..##...@..#... #.....+
+##'...T...#... #.....#
...#.......#+####.....# ...
##.................# #+
#.................#
#.................#..
#.................#..
#.................#..
##+#...∩..#'##.......#..


You could see a centaur warrior, 2 yaks, a troll and a friendly guardian golem
(summoned).

Vanquished Creatures
  Erica (D:9)
  Sigmund (D:2)
  A shadow (D:10)
  2 steam dragons (D:7)
  Menkaure (D:6)
  A water moccasin (D:6)
  2 sky beasts
  A black bear (D:7)
  A centaur (D:8)
  Blork the orc (D:4)
  2 bullfrogs
  5 scorpions
  4 wights (D:7)
  6 killer bees
  A howler monkey (D:6)
  8 orc priests
  3 hounds
  A sleepcap (D:7)
  An iguana (D:4)
  8 orc wizards
  A gnoll (D:7)
  3 adders
  2 white imps
  2 ufetubi (D:5)
  2 worms
  7 dart slugs (D:3)
  32 orcs
  2 ball pythons
  5 endoplasms
  4 giant cockroaches
  7 goblins
  9 hobgoblins
  7 jackals
  A quokka (D:1)
  6 bats
  4 frilled lizards
  6 kobolds
  3 rats
154 creatures vanquished.

Vanquished Creatures (collateral kills)
  A troll (D:8)
  A warg (Orc:1)
  2 orc warriors (Orc:1)
  A sleepcap (D:6)
  3 orcs (Orc:1)
  2 hobgoblins
  A ball python (D:4)
  A frilled lizard (D:3)
12 creatures vanquished.

Vanquished Creatures (others)
  The ghost of Persephone the Chopper, an amateur GrFi of Qazlal (D:3)
  A wyvern (D:9)
  A black bear (D:7)
  6 orc warriors
  4 killer bees
  An orc priest (D:7)
  2 orc wizards
  4 orcs
  11 foxfires
31 creatures vanquished.

Grand Total: 197 creatures vanquished

Notes
Turn   | Place    | Note
-------+----------+-------------------------------------------
     0 | D:1      | DApurpleWHUMPUS the Felid Conjurer began the quest for the
                  | Orb.
     0 | D:1      | Reached XP level 1. HP: 7/7 MP: 4/4
   390 | D:1      | Reached XP level 2. HP: 11/11 MP: 6/6
   721 | D:1      | Found a faded altar of an unknown god.
   737 | D:1      | Got Plato's Encyclopedia of the Retinue
   926 | D:2      | Learned a level 2 spell: Searing Ray
  1134 | D:2      | Found an ornate altar of the Wu Jian Council.
  1454 | D:2      | Noticed Sigmund
  1596 | D:2      | Reached XP level 3. HP: 14/14 MP: 3/7
  1737 | D:2      | Learned a level 1 spell: Summon Small Mammal
  1976 | D:3      | Found a broken altar of Ashenzari.
  1976 | D:3      | Found a hide-covered altar of Uskayaw.
  2358 | D:3      | Found a runed translucent gate.
  2358 | D:3      | Found a runed translucent gate.
  2364 | D:3      | Found a runed translucent gate.
  2818 | D:3      | Found an opulent altar of Gozag.
  2971 | D:3      | Noticed a bullfrog
  2972 | D:3      | Noticed Persephone's ghost (amateur GrFi)
  3056 | D:3      | Reached XP level 4. HP: 18/18 MP: 4/8
  3755 | D:3      | You fall into a shaft and drop 1 floor!
  3876 | D:3      | Found a burning altar of Makhleb.
  3879 | D:3      | Found a stormy altar of Qazlal.
  3879 | D:3      | Found a shadowy altar of Dithmenos.
  3887 | D:3      | Found a radiant altar of Vehumet.
  3895 | D:3      | Became a worshipper of Vehumet
  3901 | D:3      | Found an iron altar of Okawaru.
  4096 | D:4      | Reached skill level 1 in Summonings
  4117 | D:4      | Slain by an iguana
  4196 | D:4      | Noticed a scorpion
  4257 | D:4      | Slain by a scorpion
  4604 | D:4      | Noticed a scorpion
  4992 | D:4      | Reached XP level 5. HP: 21/21 MP: 4/10
  5199 | D:4      | Found Ehomu's Armour Boutique.
  5446 | D:4      | Found Jovunem's Firing Range.
  5546 | D:4      | Gained mutation: You are covered in thick fur. (AC +2)
                  | [Felid growth]
  5546 | D:4      | Reached XP level 6. HP: 24/24 MP: 5/11
  5776 | D:4      | Noticed Blork the orc
  5794 | D:4      | Killed Blork the orc
  6081 | D:5      | Entered Level 5 of the Dungeon
  6624 | D:2      | Reached * piety under Vehumet
  6624 | D:2      | Offered knowledge of Foxfire by Vehumet.
  6627 | D:2      | Learned a level 1 spell: Foxfire
  6632 | D:2      | Learned a level 4 spell: Iskenderun's Mystic Blast
  6635 | D:2      | Learned a level 2 spell: Jinxbite
  6715 | D:2      | Killed Sigmund
  6716 | D:2      | Reached XP level 7. HP: 27/27 MP: 2/13
  7843 | D:5      | Reached skill level 5 in Summonings
  8726 | D:6      | Noticed Menkaure
  8732 | D:6      | Killed Menkaure
  8733 | D:6      | Reached skill level 5 in Conjurations
  8733 | D:6      | Reached XP level 8. HP: 31/31 MP: 11/15
  8760 | D:6      | Learned a level 3 spell: Summon Guardian Golem
  9116 | D:6      | Noticed Jeremiah
  9247 | D:7      | Slain by a wight
  9738 | D:7      | Found a staircase to the Ecumenical Temple.
 10009 | D:7      | Reached skill level 5 in Spellcasting
 10048 | D:7      | Lost strength.
 10635 | D:7      | Found Mimniagu's Distillery.
 10640 | D:7      | Bought a potion of haste for 100 gold pieces
 10640 | D:7      | Bought a potion of mutation for 80 gold pieces
 10640 | D:7      | Bought a potion of heal wounds for 50 gold pieces
 10640 | D:7      | Gained mutation: You occasionally lose the ability to read
                  | scrolls when taking damage. [potion of mutation]
 10640 | D:7      | Gained mutation: You expend magic power (3 MP) to
                  | strengthen your wands. [potion of mutation]
 10640 | D:7      | Gained mutation: You have a pair of small horns on your
                  | head. [potion of mutation]
 10834 | D:7      | Found a bloodstained altar of Trog.
 10854 | D:7      | Reached XP level 9. HP: 34/34 MP: 14/18
 10946 | D:7      | Found an ornate altar of the Wu Jian Council.
 11992 | D:8      | Found a shimmering blue altar of Sif Muna.
 12377 | D:8      | Noticed a two-headed ogre
 12391 | D:8      | Noticed a troll
 12399 | D:8      | Reached skill level 5 in Dodging
 12774 | D:8      | Reached ** piety under Vehumet
 12774 | D:8      | Offered knowledge of Freeze by Vehumet.
 13308 | D:8      | Killed a troll
 14019 | D:3      | Killed Persephone's ghost
 15086 | D:9      | Found a white marble altar of Elyvilon.
 15373 | D:9      | Reached XP level 10. HP: 37/37 MP: 19/22
 15487 | D:9      | Noticed Erica
 15501 | D:9      | Found a staircase to the Orcish Mines.
 15528 | D:9      | Killed Erica
 15792 | D:10     | Entered Level 10 of the Dungeon
 15925 | Orc:1    | Entered Level 1 of the Orcish Mines
 16011 | Orc:1    | Noticed an orc knight
 16049 | Orc:1    | Noticed an orc warlord
 16054 | Orc:1    | Noticed Gastronok
 16069 | Orc:1    | Noticed an orc sorcerer
 16103 | D:10     | Found Hisme's Weapon Shop.
 16119 | D:10     | Found Itoinuem's Assorted Antiques.
 16120 | D:10     | Found Honted's Magic Scroll Boutique.
 16143 | D:10     | Slain by a troll
 16169 | D:10     | Found Ivoumudd's Antique Armour Shoppe.
 16189 | D:10     | Bought a potion of heal wounds for 145 gold pieces
 16231 | D:10     | Noticed a centaur warrior
 16245 | D:10     | Learned a level 4 spell: Sticky Flame
 16252 | D:10     | Found a glowing silver altar of Zin.
 16294 | D:10     | Shot with an arrow by a centaur warrior

Illustrated notes

Levels and vault maps discovered:
D:1:      lemuel_arrival_behind_the_door_large, layout_loops_ring,
          shapermc_ecumenical_altar_rom_forum, st_stairs_12
D:2:      layout_rooms, basic_altar, serial_co_window_serial,
          co_window_corner_a, co_window_paths_a, co_window_corner_a,
          co_window_paths_a, co_window_paths_a, co_window_paths_b,
          co_window_of_opportunity_a, co_window_cross_3, co_window_corner_b,
          co_window_of_opportunity_b, co_window_corner_b, co_window_broadway_b,
          co_window_of_opportunity_b, co_window_paths_c, co_window_4corner_a,
          co_window_4corner_b, grunt_decor_clamped, uniq_sigmund
D:3:      kennysheep_slugbush, layout_basic, minmay_overflow_temple_star_hex,
          amethyst_overflow_temple_binary, lemuel_round_altar,
          gammafunk_ghost_split
D:4:      layout_gridville, serial_shops, shop_fountains,
          nicolae_shop_firing_range, uniq_blork_the_orc
D:5:      layout_rooms
D:6:      layout_cave_pods, slow_altar_2, uniq_menkaure, uniq_jeremiah
D:7:      layout_cave_pools, marbit_many_paths, minmay_temple_entry_wispy,
          serial_shops, shop, david_defended_altar_orc
D:8:      layout_layer_cave, mainiacjoe_overflow_alcove_2
D:9:      layout_basic, elyvilon_altar_5, orc_0_dummy, uniq_erica
D:10:     layout_gridville, mainiacjoe_overflow_24_doors,
          nicolae_hepliaklqana_hippocampus, enter_bailey_2, serial_shops, shop,
          shop, nicolae_shop_hallway_stairs, nicolae_diamond_shop,
          kennysheep_generic_room_9, uniq_harold
Orc:1:    layout_caves, serial_shops, nicolae_shop_tiny_glass,
          kennysheep_orc_chapel, uniq_sonja, uniq_gastronok

Skill      XL: |  1  2  3  4  5  6  7  8  9 10 |
---------------+-------------------------------+-----
Stealth        | 3 4 |  4.1
Dodging        | 3 7 8 |  8.7
Conjurations   | 4 5 6 7 |  7.2
Summonings     | 1 3 4 5 7 |  7.8
Spellcasting   | 3 4 5 7 8 |  8.1
Hexes          | 2 4 |  4.5

Action                     |  1- 3 |  4- 6 |  7- 9 | 10-12 || total
---------------------------+-------+-------+-------+-------++-------
  Melee: Unarmed           |    29 |    20 |     2 |       ||    51
         Bite              |     2 |     1 |       |       ||     3
   Cast: Magic Dart        |    90 |    80 |   122 |     8 ||   300
         Searing Ray       |     2 |    18 |    71 |     5 ||    96
         Summon Small Mamm |     4 |     3 |    45 |    11 ||    63
         Foxfire           |       |       |     6 |       ||     6
         Summon Guardian G |       |       |    38 |    12 ||    50
         Jinxbite          |       |       |     2 |       ||     2
         Sticky Flame      |       |       |       |     1 ||     1
    Use: Potion            |       |     3 |    13 |       ||    16
         Scroll            |       |     2 |     9 |     2 ||    13
   Stab: Sleeping          |     2 |     1 |       |       ||     3
 Armour: Skin              |    22 |    33 |   108 |    20 ||   183
  Dodge: Dodged            |    31 |    60 |   213 |    27 ||   331

Table legend: (Time is in decaauts)
 A = Elapsed time spent in this place.
 B = Non-inter-level travel time spent in this place.
 C = Inter-level travel time spent in this place.
 D = Time resting spent in this place.
 E = Time spent auto-exploring this place.
 F = Levels seen in this place.
 G = Mean time per level.
                   A        B        C        D        E       F      G
               +--------+--------+--------+--------+--------+-----+--------+
         Total |  14871 |  13776 |   1095 |   6159 |   4990 |  11 | 1351.9 |
       Dungeon |  14731 |  13642 |   1089 |   6112 |   4986 |  10 | 1473.1 |
  Orcish Mines |    140 |    135 |      5 |     47 |      3 |   1 |  140.0 |
               +--------+--------+--------+--------+--------+-----+--------+

Top non-repeatable levels by time:
     D:3: 2400 daAuts
     D:8: 2119 daAuts
     D:4: 1990 daAuts
     D:7: 1859 daAuts
     D:2: 1773 daAuts
     D:5: 1345 daAuts
     D:9: 1312 daAuts
     D:6: 902 daAuts
     D:1: 761 daAuts
    D:10: 266 daAuts
   Orc:1: 140 daAuts
